 Dungeon Crawl Stone Soup version 0.30-a0-377-g5cb311bc9f (webtiles) character file.

Game seed: 17177382956250051703

6 PyroL the Grave Robber (level 1, 0/13 HPs)
             Began as a Demonspawn Necromancer on Nov 30, 2022.
             Slain by a gnoll
             ... wielding a +0 spear
              (7 damage)
             ... on level 1 of the Dungeon.
             The game lasted 00:00:45 (196 turns).

PyroL the Grave Robber (Demonspawn Necromancer)      Turns: 196, Time: 00:00:46

Health: 0/13       AC:  2    Str:  8    XL:     1   Next: 75%
Magic:  1/3        EV: 12    Int: 16    God:
Gold:   8          SH:  0    Dex: 13    Spells: 3/4 levels left

rFire   . . .      SeeInvis .    c - +0 trident
rCold   . . .      Faith    .    (no shield)
rNeg    . . .      Spirit   .    a - +0 robe
rPois   .          Reflect  .    (no helmet)
rElec   .          Harm     .    (no cloak)
rCorr   .          Rampage  .    (no gloves)
Will    .....                    (no boots)
Stlth   ++........               (no amulet)
HPRegen 0.22/turn                (no ring)
MPRegen 0.08/turn                (no ring)

@: no status effects
A: no striking features
a: no special abilities


You were on level 1 of the Dungeon.
You visited 1 branch of the dungeon, and saw 2 of its levels.

You collected 8 gold pieces.

Inventory:

Hand Weapons
 c - a +0 trident (weapon)
Armour
 a - a +0 robe (worn)
Potions
 b - a potion of magic
 d - a potion of curing {unknown}
 e - 2 potions of mutation {unknown}


   Skills:
 - Level 1.7 Dodging
 - Level 1.7 Stealth
 + Level 2.2 Spellcasting
 + Level 4.6 Necromancy


You had 3 spell levels left.
You knew the following spells:

 Your Spells              Type           Power      Damage    Failure   Level
a - Necrotise             Necr           64%        1d7       3%          1

Your spell library contained the following spells:

 Spells                   Type           Power      Damage    Failure   Level
 Vampiric Draining        Necr           16%        2d7       10%         3
 Blink                    Tloc           2%         N/A       30%         2
 Momentum Strike          Conj/Tloc      2%         3d8       30%         2
 Lesser Beckoning         Tloc           2%         N/A       52%         3
 Animate Dead             Necr           16%        N/A       30%         4
 Agony                    Necr           16%        N/A       65%         5


Dungeon Overview and Level Annotations

Branches:
Dungeon (2/15)

Altars:


Message History

You kill the rat!
The dead are walking!
A sourceless malevolence fills the Dungeon...
You fall into a shaft and drop 1 floor!
The shaft crumbles and collapses.
Found a trident.
Found a stone staircase leading up.
You see here 4 stones.
Okay, then.
You are now empty-handed.
You drop a +0 spear.
You see here a +0 trident.
c - a +0 trident (weapon)
There is a stone staircase leading up here.
You climb upwards.
There is a stone staircase leading down here.
A ball python is nearby!
A gnoll comes into view. It is wielding a +0 spear.
An endoplasm comes into view.
You reach to attack!
The helpless endoplasm fails to defend itself.
You puncture the endoplasm!
You kill the endoplasm!
The gnoll shouts!
The gnoll writhes in agony.
The ball python hisses angrily.
The gnoll barely resists.
You are out of magic!
You puncture the ball python!
You kill the ball python!
The gnoll completely misses you.
You reach to attack!
You barely miss the gnoll.
The gnoll is heavily wounded.
The gnoll closely misses you. The gnoll misses you.
You reach to attack!
You barely miss the gnoll.
The gnoll is heavily wounded.
The gnoll hits you from afar with a +0 spear.
You reach to attack!
You hit the gnoll.
The gnoll is severely wounded.
The gnoll hits you from afar with a +0 spear!
Ouch! That really hurt!
You die...

#######
#.....#
##.###.#####
#>..@†.....###
#..###g.......
#...#.....#..#
#...+.........
#.###......#..
#.# #......# .
#.# ###..###
..# ... ...#


You could see a gnoll.

Vanquished Creatures
  A ball python (D:1)
  An endoplasm (D:1)
  A giant cockroach (D:1)
  A hobgoblin (D:1)
  A rat (D:1)
5 creatures vanquished.

Notes
Turn   | Place    | Note
-------+----------+-------------------------------------------
     0 | D:1      | PyroL the Demonspawn Necromancer began the quest for the
                  | Orb.
     0 | D:1      | Reached XP level 1. HP: 13/13 MP: 3/3
   172 | D:1      | You fall into a shaft and drop 1 floor!
   196 | D:1      | Slain by a gnoll

Illustrated notes

Levels and vault maps discovered:
D:1:      heliophobic_arrival_henge, layout_basic
D:2:      layout_loops_ring, serial_shops, nicolae_square_shop,
          basic_ecumenical_altar, nrook_uturn, minmay_misc_feat_encased,
          minmay_fractal_squares_gapless_5

Action                   || total
-------------------------++-------
Melee: Unarmed           ||     8
       Trident           ||     5
 Cast: Necrotise         ||     9
 Stab: Sleeping          ||     1
Armor: Robe              ||     2
Dodge: Dodged            ||     7

Table legend: (Time is in decaauts)
 A = Elapsed time spent in this place.
 B = Non-inter-level travel time spent in this place.
 C = Inter-level travel time spent in this place.
 D = Time resting spent in this place.
 E = Time spent auto-exploring this place.
 F = Levels seen in this place.
 G = Mean time per level.
                   A        B        C        D        E       F      G
               +--------+--------+--------+--------+--------+-----+--------+
         Total |    195 |    195 |      0 |     27 |     77 |   2 |   97.5 |
       Dungeon |    195 |    195 |      0 |     27 |     77 |   2 |   97.5 |
               +--------+--------+--------+--------+--------+-----+--------+

Top non-repeatable levels by time:
     D:1: 186 daAuts
     D:2: 9 daAuts
